 Dungeon Crawl Stone Soup version 0.31-a0-1074-g0b22e4e0f1 (console) character file.

Game seed: 8639215040965788837

58 jejorda2 the Chopper (level 4, 0/7 HPs)
             Began as a Gnoll Berserker on Nov 29, 2023.
             Was a Believer of Trog.
             Succumbed to an adder's poison
             ... on level 2 of the Dungeon.
             The game lasted 00:03:07 (1590 turns).

jejorda2 the Chopper (Gnoll Berserker)              Turns: 1590, Time: 00:03:08

Health: 0/7        AC:  2    Str: 23    XL:     4   Next: 2%
Magic:  5/5        EV: 11    Int:  6    God:    Trog [**....]
Gold:   82         SH:  0    Dex: 12    Spells: 5/5 levels left

rFire   . . .        a - melded +0 hand axe
rCold   . . .        (shield currently unavailable)
rNeg    . . .        b - melded +0 animal skin
rPois   .            (helmet currently unavailable)
rElec   .            (cloak currently unavailable)
rCorr   .            q - melded +0 pair of gloves
SInv    .            (boots currently unavailable)
Will    .....        (no amulet) Stlth
                     (no ring)
HPRegen 0.21/turn    (no ring)
MPRegen 0.09/turn

%: no passive effects
@: berserking, lethally poisoned (0 -> -4), snake-form, very quick
A: constrict, reduced hp, large, (fangs 1), strong nose, distributed training
a: Begin Untransformation, Renounce Religion, Berserk, Trog's Hand


You were on level 2 of the Dungeon.
You worshipped Trog.
Trog was pleased with you.
You were an enormous anaconda.
You visited 1 branch of the dungeon, and saw 2 of its levels.

You collected 82 gold pieces.

Inventory:

Hand Weapons
 a - a +0 hand axe (melded)
Missiles
 e - 6 curare-tipped darts
 k - 11 poisoned darts
Armour
 b - a +0 animal skin (melded)
 q - a +0 pair of gloves (melded)
Talismans
 m - a beast talisman
 r - a serpent talisman (active)
Scrolls
 g - a scroll of enchant armour {unknown}
 h - 2 scrolls of enchant weapon {unknown}
 l - a scroll of identify {unknown}
 o - a scroll of amnesia {unknown}
 p - a scroll of teleportation {unknown}
Potions
 c - a potion of curing {unknown}
 d - a potion of enlightenment {unknown}
 f - a potion of attraction {unknown}
 i - a potion of resistance {unknown}
 j - a potion of magic {unknown}
 n - a potion of brilliance {unknown}


   Skills:
 + Level 6.5 Fighting
 + Level 1.0 Short Blades
 + Level 1.0 Long Blades
 + Level 6.5 Axes
 + Level 1.0 Maces & Flails
 + Level 1.0 Polearms
 + Level 1.0 Staves
 + Level 1.0 Ranged Weapons
 + Level 1.0 Throwing
 + Level 4.6 Armour
 + Level 4.6 Dodging
 + Level 1.0 Stealth
 + Level 1.0 Shields
 + Level 1.0 Unarmed Combat
 + Level 1.0 Spellcasting
 + Level 0.7 Conjurations
 + Level 0.7 Hexes
 + Level 0.7 Summonings
 + Level 0.7 Necromancy
 + Level 0.7 Translocations
 + Level 0.7 Transmutations
 + Level 0.7 Fire Magic
 + Level 0.7 Ice Magic
 + Level 0.7 Air Magic
 + Level 0.7 Earth Magic
 + Level 0.7 Poison Magic
 + Level 1.1 Invocations
 + Level 1.0 Evocations
 + Level 0.9 Shapeshifting


You had 5 spell levels left.
You didn't know any spells.
Your spell library was empty.

Dungeon Overview and Level Annotations

Branches:
Dungeon (2/15)

Altars:
Qazlal


Innate Abilities, Weirdness & Mutations

You are an enormous anaconda.
You have a powerful constriction melee attack.
Your maximum health is decreased, since you lack skill for your form.
Your armour is entirely melded.
You are incapable of wielding weapons or throwing items.
((You have very sharp teeth.))
Your uncanny sense of smell can sniff out nearby items.
Your experience applies equally to all skills.


Message History

You are an enormous anaconda.
Your movement speed is average.
Your attack delay is about 0.9.
Your damage rating with unarmed combat is about 16 (Base [10 + 1 (UC)] x 132% (Str) x 110% (Fight)).
Your base attributes are Str 18, Int 6, Dex 11.
Unknown command.
Unknown command.
Unknown command.
Unknown command.
Unknown command.
There is an open door here.
An adder comes into view.
An adder comes into view.
You see here a brown potion.
The adder hisses angrily. x2
The adder bites you.
Ouch! That really hurt!
You are too injured to fight recklessly!
You are too injured to fight recklessly!
You are too injured to fight recklessly!
A red film seems to cover your vision as you go berserk!
You feel yourself moving faster!
You feel mighty!
An adder comes into view.
The adder barely misses you.
The adder hisses angrily.
You lash the adder! Your grab misses the adder.
The adder is almost dead.
The adder bites you.
You are lethally poisoned!
The adder poisons you!
You lash the adder!
You kill the adder!
Trog accepts your kill.
* * * LOW HITPOINT WARNING * * *
You feel sick. The adder completely misses you.
You have reached level 4!
You feel agile.
Unknown command.
Unknown command.
You closely miss the adder. Your grab misses the adder.
You die...

#...# ....
#.S. #..#
...##
##...##
##.†S..##
##..S....##
#..<......#
..###
+...!.....+
.....
#.........#
..###
##.......##
##.....##
##...##
##'##
####.#####


You could see 2 adders.

Vanquished Creatures
  An adder (D:2)
  A worm (D:2)
  2 endoplasms (D:1)
  2 giant cockroaches (D:2)
  8 goblins
  3 hobgoblins (D:1)
  4 jackals (D:1)
  3 kobolds (D:1)
  2 quokkas (D:1)
  7 ball pythons
  3 bats
  3 frilled lizards (D:1)
  4 rats
43 creatures vanquished.

Notes
Turn   | Place    | Note
-------+----------+-------------------------------------------
     0 | D:1      | jejorda2 the Gnoll Berserker began the quest for the Orb.
     0 | D:1      | Reached XP level 1. HP: 23/23 MP: 1/1
   176 | D:1      | Reached XP level 2. HP: 29/29 MP: 2/2
   560 | D:1      | Reached XP level 3. HP: 35/35 MP: 3/3
   780 | D:1      | Found a faded altar of an unknown god.
   784 | D:1      | Reached ** piety under Trog
  1080 | D:2      | Reached skill level 1 in Invocations
  1244 | D:2      | Found a stormy altar of Qazlal.
  1500 | D:2      | Reached skill level 1 in Short Blades
  1500 | D:2      | Reached skill level 1 in Long Blades
  1500 | D:2      | Reached skill level 1 in Maces & Flails
  1500 | D:2      | Reached skill level 1 in Polearms
  1500 | D:2      | Reached skill level 1 in Staves
  1500 | D:2      | Reached skill level 1 in Ranged Weapons
  1500 | D:2      | Reached skill level 1 in Throwing
  1500 | D:2      | Reached skill level 1 in Stealth
  1500 | D:2      | Reached skill level 1 in Shields
  1500 | D:2      | Reached skill level 1 in Unarmed Combat
  1500 | D:2      | Reached skill level 1 in Spellcasting
  1500 | D:2      | Reached skill level 1 in Evocations
  1590 | D:2      | Reached XP level 4. HP: 1/41 MP: 5/5
  1590 | D:2      | Succumbed to an adder's poison

Illustrated notes

Levels and vault maps discovered:
D:1:      spicycebolla_green_bress_n_ham_2, layout_loops_corners,
          basic_ecumenical_altar
D:2:      layout_loops_corners, basic_altar

Skill      XL: |  1  2  3 |
---------------+----------+-----
Invocations    | 1 |  1.1
Short Blades   | 1 |  1.0
Long Blades    | 1 |  1.0
Maces & Flails | 1 |  1.0
Polearms       | 1 |  1.0
Staves         | 1 |  1.0
Ranged Weapons | 1 |  1.0
Throwing       | 1 |  1.0
Stealth        | 1 |  1.0
Shields        | 1 |  1.0
Unarmed Combat | 1 |  1.0
Spellcasting   | 1 |  1.0
Evocations     | 1 |  1.0
Fighting       | |  6.5
Axes           | |  6.5
Armour         | |  4.6
Dodging        | |  4.6
Conjurations   | |  0.7
Hexes          | |  0.7
Summonings     | |  0.7
Necromancy     | |  0.7
Translocations | |  0.7
Transmutations | |  0.7
Fire Magic     | |  0.7
Ice Magic      | |  0.7
Air Magic      | |  0.7
Earth Magic    | |  0.7
Poison Magic   | |  0.7
Shapeshifting  | |  0.9

Action                     |  1- 3 |  4- 6 || total
---------------------------+-------+-------++-------
  Melee: Hand axe          |   111 |       ||   111
         Bite              |     9 |       ||     9
         Punch             |     1 |       ||     1
         Unarmed           |     2 |     1 ||     3
 Invoke: Berserk           |     1 |       ||     1
   Stab: Sleeping          |     3 |       ||     3
 Armour: Animal skin       |    41 |       ||    41
         Skin              |     2 |       ||     2
  Dodge: Dodged            |    69 |       ||    69
   Form: Anaconda          |     1 |       ||     1

Table legend: (Time is in decaauts)
 A = Elapsed time spent in this place.
 B = Non-inter-level travel time spent in this place.
 C = Inter-level travel time spent in this place.
 D = Time resting spent in this place.
 E = Time spent auto-exploring this place.
 F = Levels seen in this place.
 G = Mean time per level.
                   A        B        C        D        E       F      G
               +--------+--------+--------+--------+--------+-----+--------+
         Total |   1586 |   1555 |     31 |      0 |   1271 |   2 |  793.0 |
       Dungeon |   1586 |   1555 |     31 |      0 |   1271 |   2 |  793.0 |
               +--------+--------+--------+--------+--------+-----+--------+

Top non-repeatable levels by time:
     D:1: 973 daAuts
     D:2: 612 daAuts
